cohdb
Replays
Latest Replays
All Replays
Popular Replays
Top Player Replays
Match Explorer
How It Works
Community
CoH3 Stats
Reddit
Sign in to upload your games and track your stats! →
Sign in with Steam
Match 44351398
Unlisted
Match 44351398
Overview
Messages
Build Orders
End
Royal Engineer Section
Selects Indian Artillery Battlegroup
Construct Section Command Post
Infantry Section
Vickers Machine Gun Team
ML 3-inch Mortar Team
Infantry Section
Selects War Cry
Infantry Section
Grenade Package
Selects Gurkha Rifles Section
Infantry Section
Construct Platoon Command Post
Selects Artillery Saturation
Infantry Training
Unlock M3 Stuart Light Tanks
Selects Pillage
M3 Stuart Light Tank
Selects Pillage
6-pounder Anti-tank Gun Team
Humber Armored Car
Construct Field Infirmary
Selects Off-map Airburst Barrage
Royal Engineer Section
Humber Armored Car
Infantry Section
Selects Perimeter Monitor
Construct Company Command Post
Gurkha Rifles Section
Perimeter Monitor
Matilda II Heavy Tank
Armored Vehicle Training
robwarrior
Stoker64
0
0
Comments
sign in to comment!
No comments posted yet!